| TOP OF THE 1ST |
|
Charleston RiverDogs batting - Pitching for Burlington Bees : RHP Humberto Paniagua
|
|
Pitching: RHP Humberto Paniagua
|
|
|
Batting: RHB Luwen Storm
|
0-0: Ball 1-0: Swinging Strike 1-1: Foul Ball, location: 2F 1-2: Ground out 6-3 (Groundball, 6MD, EV 82.5 MPH)
|
|
Batting: RHB Brandon Lemay
|
0-0: DOUBLE (Groundball, 5L, EV 102.5 MPH)
|
|
Batting: RHB James Boynton
|
0-0: Ball 1-0: Ball 2-0: Ball 3-0: Base on Balls
|
|
Batting: LHB Matt Steinke
|
0-0: Ball 1-0: Foul Ball, location: 2F 1-1: Fly out, F9 (Flyball, 9S, EV 88.1 MPH)
|
|
Batting: SHB Reagan Dudley
|
0-0: Ball 1-0: Ball 2-0: Ball 3-0: Called Strike 3-1: Foul Ball, location: 2F 3-2: Strikes out swinging
|
| Top of the 1st over - 0 runs, 1 hit, 0 errors, 2 left on base; Charleston 0 - Burlington 0 |
| BOTTOM OF THE 1ST |
|
Burlington Bees batting - Pitching for Charleston RiverDogs : RHP Ruud Reintjens
|
|
Pitching: RHP Ruud Reintjens
|
|
|
Batting: RHB Luis Romero
|
0-0: Called Strike 0-1: Foul Ball, location: 2F 0-2: DOUBLE (Line Drive, 9LD, EV 106.9 MPH)
|
|
Batting: RHB Ryan Munro
|
0-0: SINGLE (Line Drive, 6D, EV 95.0 MPH) Luis Romero to third
|
|
Batting: LHB Rusty Ney
|
0-0: Ball 1-0: Foul Ball, location: 2F 1-1: Swinging Strike 1-2: Strikes out swinging
|
|
Batting: LHB Bill Kirtley
|
0-0: Ball 1-0: Ball 2-0: Swinging Strike 2-1: Ball 3-1: Swinging Strike 3-2: Foul Ball, location: 2F 3-2: Strikes out looking
|
|
Batting: LHB Jorge Zermeno
|
0-0: Swinging Strike 0-1: Foul Ball, location: 2F 0-2: DOUBLE (Line Drive, 89XD, EV 111.2 MPH) Luis Romero scores Ryan Munro to third Runner from 3rd tries for Home, throw by CF and OUT! 8-4-2
|
| Bottom of the 1st over - 1 run, 3 hits, 0 errors, 1 left on base; Charleston 0 - Burlington 1 |
| TOP OF THE 2ND |
|
Charleston RiverDogs batting - Pitching for Burlington Bees : RHP Humberto Paniagua
|
|
Batting: LHB Eddie Ramirez
|
0-0: Ball 1-0: Fly out, F6 (Line Drive, 6, EV 73.1 MPH)
|
|
Batting: RHB Miguel Leal
|
0-0: Ball 1-0: Ground out 5-3 (Groundball, 56, EV 86.9 MPH)
|
|
Batting: RHB Nick Massengale
|
0-0: Foul Ball, location: 2F 0-1: Ball 1-1: Ground out 5-3 (Groundball, 5, EV 80.0 MPH)
|
| Top of the 2nd over - 0 runs, 0 hits, 0 errors, 0 left on base; Charleston 0 - Burlington 1 |
| BOTTOM OF THE 2ND |
|
Burlington Bees batting - Pitching for Charleston RiverDogs : RHP Ruud Reintjens
|
|
Batting: RHB Ryuji Ito
|
0-0: Foul Ball, location: 2F 0-1: Ball 1-1: Swinging Strike 1-2: Ball 2-2: Strikes out swinging
|
|
Batting: RHB Greg Burdine
|
0-0: Ground out 4-3 (Groundball, 4, EV 101.9 MPH)
|
|
Batting: RHB Ben Herman
|
0-0: Called Strike 0-1: Foul Ball, location: 2F 0-2: Strikes out swinging
|
| Bottom of the 2nd over - 0 runs, 0 hits, 0 errors, 0 left on base; Charleston 0 - Burlington 1 |
| TOP OF THE 3RD |
|
Charleston RiverDogs batting - Pitching for Burlington Bees : RHP Humberto Paniagua
|
|
Batting: RHB Chris Yancey
|
0-0: Swinging Strike 0-1: Called Strike 0-2: Ball 1-2: Strikes out looking
|
|
Batting: RHB Luwen Storm
|
0-0: Ball 1-0: SINGLE (Groundball, 5D, EV 106.2 MPH)
|
|
Batting: RHB Brandon Lemay
|
0-0: Ball 1-0: Foul Ball, location: 2F 1-1: Foul Ball, location: 2F 1-2: Ball Luwen Storm steals 2nd base 2-2: SINGLE (Groundball, 6MD, EV 100.6 MPH) Luwen Storm to third Runner from 3rd tries for Home, throw by CF and OUT! 8-2
|
|
Now in CF: Ben Herman
|
|
|
Now in RF: Adam Noyes
|
|
|
Batting: RHB James Boynton
|
0-0: Ball 1-0: Called Strike 1-1: Ball 2-1: Called Strike 2-2: Strikes out looking
|
| Top of the 3rd over - 0 runs, 2 hits, 0 errors, 1 left on base; Charleston 0 - Burlington 1 |
| BOTTOM OF THE 3RD |
|
Burlington Bees batting - Pitching for Charleston RiverDogs : RHP Ruud Reintjens
|
|
Batting: SHB Tim Connell
|
0-0: Ball 1-0: Ball 2-0: Called Strike 2-1: Foul Ball, location: 2F 2-2: Strikes out swinging
|
|
Batting: RHB Luis Romero
|
0-0: Ball 1-0: Ball 2-0: Ball 3-0: Base on Balls
|
|
Batting: RHB Ryan Munro
|
0-0: Ball 1-0: Ball 2-0: Called Strike 2-1: Foul Ball, location: 2F 2-2: SINGLE (Groundball, 4MD, EV 100.6 MPH) Luis Romero to second Luis Romero to third
|
|
Batting: RHB Adam Noyes
|
0-0: Called Strike 0-1: Foul Ball, location: 2F 0-2: Foul Ball, location: 2F 0-2: Foul Ball, location: 2F 0-2: Ball 1-2: Foul Ball, location: 2F 1-2: Ball Wild Pitch! Luis Romero scores Ryan Munro to second 2-2: Strikes out swinging
|
|
Batting: LHB Bill Kirtley
|
0-0: Fly out, F8 (Flyball, 8RD, EV 91.2 MPH)
|
| Bottom of the 3rd over - 1 run, 1 hit, 0 errors, 1 left on base; Charleston 0 - Burlington 2 |
| TOP OF THE 4TH |
|
Charleston RiverDogs batting - Pitching for Burlington Bees : RHP Humberto Paniagua
|
|
Batting: LHB Matt Steinke
|
0-0: Ball 1-0: Ball 2-0: Ball 3-0: Called Strike 3-1: SINGLE (Groundball, P, EV 82.5 MPH) (infield hit)
|
|
Batting: SHB Reagan Dudley
|
0-0: Called Strike 0-1: Fly out, F8 (Line Drive, 8LD, EV 95.0 MPH)
|
|
Batting: LHB Eddie Ramirez
|
0-0: Ball 1-0: Called Strike 1-1: Ball 2-1: Ground out U3 (Groundball, 3, EV 108.8 MPH) Matt Steinke to second
|
|
Batting: RHB Miguel Leal
|
0-0: Called Strike 0-1: Called Strike 0-2: Fly out, F8 (Flyball, 89D, EV 99.4 MPH)
|
| Top of the 4th over - 0 runs, 1 hit, 0 errors, 1 left on base; Charleston 0 - Burlington 2 |
| BOTTOM OF THE 4TH |
|
Burlington Bees batting - Pitching for Charleston RiverDogs : RHP Ruud Reintjens
|
|
Batting: LHB Jorge Zermeno
|
0-0: Ball 1-0: Ball 2-0: Called Strike 2-1: Ball 3-1: Foul Ball, location: 2F 3-2: Fly out, F6 (Popup, 6M, EV 78.8 MPH)
|
|
Batting: RHB Ryuji Ito
|
0-0: Ball 1-0: Ground out 3-1 (Groundball, 34, EV 85.0 MPH)
|
|
Batting: RHB Greg Burdine
|
0-0: Ball 1-0: Ball 2-0: SINGLE (Groundball, 34D, EV 97.5 MPH)
|
|
Batting: RHB Ben Herman
|
0-0: Ball Greg Burdine is caught stealing 2nd base 2-4
|
| Bottom of the 4th over - 0 runs, 1 hit, 0 errors, 0 left on base; Charleston 0 - Burlington 2 |
| TOP OF THE 5TH |
|
Charleston RiverDogs batting - Pitching for Burlington Bees : RHP Humberto Paniagua
|
|
Batting: RHB Nick Massengale
|
0-0: Foul Ball, location: 2F 0-1: Swinging Strike 0-2: Ball 1-2: Foul Ball, location: 2F 1-2: Foul Ball, location: 2F 1-2: Ball 2-2: Foul Ball, location: 2F 2-2: Ball 3-2: Base on Balls
|
|
Batting: RHB Chris Yancey
|
0-0: Ball Nick Massengale is caught stealing 2nd base 2-4 1-0: Foul Ball, location: 2F 1-1: Ball 2-1: Ball 3-1: Foul Ball, location: 2F 3-2: Base on Balls
|
|
Batting: RHB Luwen Storm
|
0-0: Foul Ball, location: 2F 0-1: Ball 1-1: Ball 2-1: Fielders Choice at 2nd, 3-6 (Groundball, 34, EV 92.5 MPH)
|
|
Batting: RHB Brandon Lemay
|
0-0: Ball 1-0: Ball Luwen Storm steals 2nd, throwing error, E2 Luwen Storm to third 2-0: Called Strike 2-1: Ball 3-1: Foul Ball, location: 2F 3-2: Fly out, F8 (Flyball, 8RD, EV 97.5 MPH)
|
| Top of the 5th over - 0 runs, 0 hits, 1 error, 1 left on base; Charleston 0 - Burlington 2 |
| BOTTOM OF THE 5TH |
|
Burlington Bees batting - Pitching for Charleston RiverDogs : RHP Ruud Reintjens
|
|
Batting: RHB Ben Herman
|
0-0: Called Strike 0-1: Ball 1-1: Ground out 4-3 (Groundball, 4, EV 84.4 MPH)
|
|
Batting: SHB Tim Connell
|
0-0: Swinging Strike 0-1: Called Strike 0-2: Strikes out swinging
|
|
Batting: RHB Luis Romero
|
0-0: Foul Ball, location: 2F 0-1: Swinging Strike 0-2: Ball 1-2: Ball 2-2: Foul Ball, location: 2F 2-2: Foul Ball, location: 2F 2-2: Foul Ball, location: 2F 2-2: Ball 3-2: Strikes out swinging
|
| Bottom of the 5th over - 0 runs, 0 hits, 0 errors, 0 left on base; Charleston 0 - Burlington 2 |
| TOP OF THE 6TH |
|
Charleston RiverDogs batting - Pitching for Burlington Bees : RHP Humberto Paniagua
|
|
Batting: RHB James Boynton
|
0-0: Swinging Strike 0-1: Ball 1-1: Ball 2-1: Ball 3-1: Base on Balls
|
|
Batting: LHB Matt Steinke
|
0-0: Foul Ball, location: 2F 0-1: Called Strike James Boynton steals 2nd, throwing error, E2 James Boynton to third 0-2: Ball 1-2: Ball 2-2: Foul Ball, location: 2F 2-2: Foul Ball, location: 2F 2-2: Ball 3-2: Fly out, F2 (Popup, 5SF, EV 78.1 MPH)
|
|
Batting: SHB Reagan Dudley
|
0-0: Swinging Strike 0-1: Ball 1-1: Swinging Strike 1-2: Ball 2-2: Strikes out swinging
|
|
Batting: LHB Eddie Ramirez
|
0-0: Fly out, F6 (Line Drive, 6, EV 72.5 MPH)
|
| Top of the 6th over - 0 runs, 0 hits, 1 error, 1 left on base; Charleston 0 - Burlington 2 |
| BOTTOM OF THE 6TH |
|
Burlington Bees batting - Pitching for Charleston RiverDogs : RHP Ruud Reintjens
|
|
Batting: RHB Ryan Munro
|
0-0: Ball 1-0: Ball 2-0: Called Strike 2-1: Swinging Strike 2-2: Ground out 3-1 (Groundball, 34, EV 83.8 MPH)
|
|
Batting: RHB Adam Noyes
|
0-0: Called Strike 0-1: DOUBLE (Flyball, 8RXD, EV 101.2 MPH)
|
|
Batting: LHB Bill Kirtley
|
0-0: Ball 1-0: Ball 2-0: Called Strike 2-1: Foul Ball, location: 2F 2-2: Fly out, F8 (Flyball, 8RS, EV 85.6 MPH)
|
|
Batting: LHB Jorge Zermeno
|
0-0: Ball 1-0: Ball Adam Noyes steals 3rd base 2-0: Foul Ball, location: 2F 2-1: Ball 3-1: Foul Ball, location: 2F 3-2: Foul Ball, location: 2F 3-2: DOUBLE (Line Drive, 5D, EV 98.8 MPH) Adam Noyes scores
|
|
Pitching: RHP Chris Hague
|
|
|
Batting: RHB Ryuji Ito
|
0-0: Ball 1-0: DOUBLE (Flyball, 89XD, EV 107.5 MPH) Jorge Zermeno scores
|
|
Batting: RHB Greg Burdine
|
0-0: SINGLE (Groundball, 4D, EV 105.0 MPH) Ryuji Ito to third Runner from 3rd tries for Home, SAFE, throw by CF to home
|
|
Batting: RHB Ben Herman
|
0-0: Called Strike 0-1: Ground out 3-1 (Groundball, 34S, EV 83.8 MPH)
|
| Bottom of the 6th over - 3 runs, 4 hits, 0 errors, 1 left on base; Charleston 0 - Burlington 5 |
| TOP OF THE 7TH |
|
Charleston RiverDogs batting - Pitching for Burlington Bees : RHP Humberto Paniagua
|
|
Batting: RHB Miguel Leal
|
0-0: Foul Ball, location: 2F 0-1: Called Strike 0-2: Ground out 5-3 (Groundball, 5, EV 86.9 MPH)
|
|
Pitching: LHP Cody Bodenhamer
|
|
|
Batting: RHB Nick Massengale
|
0-0: Ground out 5-3 (Groundball, 56, EV 97.5 MPH)
|
|
Batting: RHB Chris Yancey
|
0-0: Ball 1-0: Swinging Strike 1-1: Swinging Strike 1-2: Ball 2-2: Foul Ball, location: 2F 2-2: Foul Ball, location: 2F 2-2: Ball 3-2: Foul Ball, location: 2F 3-2: Base on Balls
|
|
Batting: RHB Luwen Storm
|
0-0: Ball 1-0: Ball 2-0: Foul Ball, location: 2F 2-1: Ball 3-1: Foul Ball, location: 2F 3-2: Base on Balls Chris Yancey to second
|
|
Batting: RHB Brandon Lemay
|
0-0: Ball 1-0: Ball 2-0: Foul Ball, location: 2F 2-1: Foul Ball, location: 2F 2-2: Fly out, F7 (Line Drive, 7S, EV 95.0 MPH)
|
| Top of the 7th over - 0 runs, 0 hits, 0 errors, 2 left on base; Charleston 0 - Burlington 5 |
| BOTTOM OF THE 7TH |
|
Burlington Bees batting - Pitching for Charleston RiverDogs : RHP Chris Hague
|
|
Batting: SHB Tim Connell
|
0-0: Ground out 4-3 (Groundball, 4, EV 102.5 MPH)
|
|
Batting: RHB Luis Romero
|
0-0: Ball 1-0: Foul Ball, location: 2F 1-1: Ball 2-1: Ball 3-1: Base on Balls
|
|
Batting: RHB Ryan Munro
|
0-0: Called Strike Luis Romero steals 2nd base 0-1: Swinging Strike 0-2: Ball 1-2: Ball 2-2: Foul Ball, location: 2F 2-2: Strikes out looking
|
|
Batting: RHB Adam Noyes
|
0-0: Ball 1-0: Foul Ball, location: 2F 1-1: Ball 2-1: DOUBLE (Line Drive, 89D, EV 111.2 MPH) Luis Romero scores
|
|
Batting: LHB Bill Kirtley
|
0-0: Ball 1-0: Ball 2-0: Called Strike 2-1: Swinging Strike 2-2: Ball 3-2: Strikes out swinging
|
| Bottom of the 7th over - 1 run, 1 hit, 0 errors, 1 left on base; Charleston 0 - Burlington 6 |
| TOP OF THE 8TH |
|
Charleston RiverDogs batting - Pitching for Burlington Bees : LHP Cody Bodenhamer
|
|
Batting: RHB James Boynton
|
0-0: Ball 1-0: Ball 2-0: SINGLE (Line Drive, 89S, EV 93.8 MPH)
|
|
Batting: LHB Matt Steinke
|
0-0: Ball 1-0: Swinging Strike 1-1: Ball 2-1: Foul Ball, location: 2F 2-2: Strikes out looking
|
|
Batting: SHB Reagan Dudley
|
0-0: Called Strike 0-1: Foul Ball, location: 2F 0-2: Ball 1-2: Strikes out swinging
|
|
Pitching: LHP Tyler Kenney
|
|
|
Batting: LHB Eddie Ramirez
|
0-0: SINGLE (Groundball, 4S, EV 68.1 MPH) (infield hit) James Boynton to second
|
|
Batting: RHB Miguel Leal
|
0-0: Ground out 4-3 (Groundball, 4MS, EV 63.8 MPH)
|
| Top of the 8th over - 0 runs, 2 hits, 0 errors, 2 left on base; Charleston 0 - Burlington 6 |
| BOTTOM OF THE 8TH |
|
Burlington Bees batting - Pitching for Charleston RiverDogs : RHP Chris Hague
|
|
Batting: LHB Jorge Zermeno
|
0-0: Ball 1-0: Foul Ball, location: 2F 1-1: Called Strike 1-2: Ball 2-2: Ball 3-2: Base on Balls
|
|
Batting: RHB Ryuji Ito
|
0-0: Ball 1-0: Called Strike 1-1: Ball 2-1: Hit by Pitch Jorge Zermeno to second
|
|
Batting: RHB Greg Burdine
|
0-0: Ball 1-0: Foul Ball, location: 2F 1-1: Swinging Strike 1-2: Foul Ball, location: 2F 1-2: Ball 2-2: Grounds into double play, 4-6-3 (Groundball, 4, EV 85.0 MPH) Jorge Zermeno to third
|
|
Batting: RHB Ben Herman
|
0-0: Called Strike 0-1: Ball 1-1: Called Strike 1-2: Ball 2-2: Ball 3-2: Foul Ball, location: 2F 3-2: SINGLE (Groundball, 34D, EV 103.8 MPH) Jorge Zermeno scores
|
|
Batting: SHB Tim Connell
|
0-0: Called Strike 0-1: Ball 1-1: Ball 2-1: Swinging Strike 2-2: Ball 3-2: Strikes out swinging
|
| Bottom of the 8th over - 1 run, 1 hit, 0 errors, 1 left on base; Charleston 0 - Burlington 7 |
| TOP OF THE 9TH |
|
Charleston RiverDogs batting - Pitching for Burlington Bees : LHP Tyler Kenney
|
|
Batting: RHB Nick Massengale
|
0-0: Ball 1-0: Foul Ball, location: 2F 1-1: Called Strike 1-2: Ball 2-2: SOLO HOME RUN (Flyball, 78XD, EV 99.4 MPH), Distance : 386 ft
|
|
Batting: RHB Chris Yancey
|
0-0: Foul Ball, location: 2F 0-1: Foul Ball, location: 2F 0-2: Ball 1-2: Fly out, F8 (Flyball, 8RS, EV 90.6 MPH)
|
|
Batting: RHB Luwen Storm
|
0-0: Ball 1-0: Ball 2-0: Fly out, F3 (Line Drive, 3, EV 67.5 MPH)
|
|
Batting: RHB Brandon Lemay
|
0-0: Ball 1-0: Foul Ball, location: 2F 1-1: Ball 2-1: Foul Ball, location: 2F 2-2: Strikes out swinging
|
| Top of the 9th over - 1 run, 1 hit, 0 errors, 0 left on base; Charleston 1 - Burlington 7 |
|